 Dungeon Crawl Stone Soup version 0.22-a0-558-gc224181 (webtiles) character file.

2691 iamserjio the Sneak (level 9, 0/59 HPs)
             Began as an Octopode Wanderer on June 27, 2018.
             Was a Follower of Okawaru.
             Slain by a sky beast (6 damage)
             ... on level 7 of the Dungeon.
             The game lasted 00:21:48 (11132 turns).

iamserjio the Sneak (Octopode Wanderer)            Turns: 11132, Time: 00:21:50

Health: 0/59       AC:  1    Str: 16    XL:     9   Next: 65%
Magic:  16/16      EV: 15    Int: 18    God:    Okawaru [*.....]
Gold:   353        SH:  0    Dex: 11    Spells: 11/17 levels left

rFire    . . .     SeeInvis .     - Unarmed
rCold    . . .     Gourm    .   (no shield)
rNeg     . . .     Faith    .   (helmet restricted)
rPois    .         Spirit   .   (no amulet)
rElec    .         Reflect  .   i - ring of resist corrosion
rCorr    +         Harm     .   (no ring)
MR       .....                  (no ring)
Stlth    ++........             (no ring)
HPRegen  0.19/turn              (no ring)
MPRegen  0.15/turn              (no ring)
                                (no ring)
                                (no ring)

@: confused, mighty
A: almost no armour, stealthy swim, amphibious, 8 rings, constrict 8, camouflage
1, gelatinous body 1
a: Heroism, Renounce Religion


You were on level 7 of the Dungeon.
You worshipped Okawaru.
Okawaru was aware of your devotion.
You were hungry.

You visited 1 branch of the dungeon, and saw 7 of its levels.
You also visited: Ossuary.

You collected 353 gold pieces.

Inventory:

Hand Weapons
 d - a +0 dagger
 n - a +0 short sword
 B - a +0 rapier
 C - a +0 dagger of draining
 D - the +4 dagger "Morg" {pain, MR+ Int+5}
   (You found it on level 5 of the Dungeon)

   In the hands of one skilled in necromantic magic, it inflicts extra damage on
   living creatures.
   It affects your intelligence (+5).
   It affects your resistance to hostile enchantments.
Missiles
 b - 59 stones (quivered)
 x - 16 poisoned needles
 H - a throwing net {!f}
Jewellery
 i - a ring of resist corrosion (left tentacle)
Wands
 o - a wand of polymorph (2)
Scrolls
 a - 4 scrolls of amnesia
 c - a scroll of remove curse {unknown}
 e - a scroll of magic mapping {unknown}
 h - a scroll of fog {unknown}
 k - 3 scrolls of blinking {unknown}
 q - 2 scrolls of immolation {unknown}
 s - a scroll of fear {unknown}
 y - a scroll of teleportation {unknown}
 E - a scroll of brand weapon {unknown}
Potions
 g - 4 potions of degeneration
 l - a potion of heal wounds {unknown}
 m - a potion of lignification {unknown}
 p - a potion of mutation {unknown}
 r - a potion of resistance {unknown}
 t - a potion of agility {unknown}
 u - 3 potions of ambrosia
 v - a potion of might
 w - a potion of haste {unknown}
 z - a potion of flight {unknown}
 A - 3 potions of magic
 F - 2 potions of brilliance
 G - a potion of curing {@q1}
Comestibles
 f - 9 rations


   Skills:
 + Level 4.6 Fighting
 * Level 4.9 Dodging
 - Level 7.0 Stealth
   Level 1.0 Shields
 * Level 4.9 Unarmed Combat
 + Level 4.8 Spellcasting
 + Level 4.4 Transmutations
 - Level 6.0 Earth Magic


You had 11 spell levels left.
You knew the following spells:

 Your Spells              Type           Power        Failure   Level  Hunger
a - Sandblast             Erth           ####..       1%          1    None
b - Stone Arrow           Conj/Erth      ###...       12%         3    ###....
c - Passwall              Tmut/Erth      ###.....     2%          2    #......

Your spell library contained the following spells:

 Spells                   Type           Power        Failure   Level  Hunger
 Mephitic Cloud           Conj/Pois/Air  #.......     38%         3    ###....
 Sting                    Conj/Pois      #...         14%         1    None
 Spider Form              Tmut/Pois      ##........   17%         3    ###....
 Blade Hands              Tmut           ###.......   52%         5    ######.
 Ice Form                 Ice/Tmut       ##......     50%         4    ####...
 Sticks to Snakes         Tmut           ###.....     3%          2    #......
 Lee's Rapid Deconstruct  Erth           ####......   32%         5    ######.
 Petrify                  Tmut/Erth      ###.....     16%         4    ####...
 Beastly Appendage        Tmut           ###...       2%          1    None


Dungeon Overview and Level Annotations

Branches:
Dungeon (7/15)             Temple (0/1) D:6

Altars:
Dithmenos
Okawaru
Zin


Innate Abilities, Weirdness & Mutations

You cannot wear most types of armour.
You are very stealthy in the water. (Stealth+)
You are amphibious.
You can wear up to eight rings at the same time.
You can use your tentacles to constrict eight enemies at once.
Your skin changes colour to match your surroundings (Stealth+).
Your rubbery body absorbs attacks. (AC +1, EV +1)


Message History

You bludgeon something! Something hits you. Something shocks you.
You miss something. You miss something. Something completely misses you.
You miss something. Your squeeze misses something. Something hits you.
* * * LOW HITPOINT WARNING * * *
Something shocks you.
* * * LOW HITPOINT WARNING * * *
You are confused.
You feel invigorated. Something hits you.
* * * LOW HITPOINT WARNING * * *
Something shocks you.
* * * LOW HITPOINT WARNING * * *
You bump into the rock wall.
Something hits you.
* * * LOW HITPOINT WARNING * * *
Something shocks you.
* * * LOW HITPOINT WARNING * * *
You completely miss something. Something hits you.
* * * LOW HITPOINT WARNING * * *
Something shocks you.
You die...

.(....# ...##...# ####.##
#.Y...... #..#
########......#. #.##
................ #.#
..............[ #.#
............... #.# # #. #.#
##r.....# #.# #.#.##.#
##.......#
##.#######.#.##@###o...#.###
##..##....#...##{#....### #
#..###..........o...#.# #.##
#................## ..#
#....#...............
..####....#.........#####.
....................#
..######............# ###
#...#........#


You could see an orc wizard.

Vanquished Creatures
  Eustachio (D:4)
  A black bear (D:6)
  An ice beast (D:7)
  2 orc warriors
  A centaur (D:6)
  3 ogres
  3 elf zombies (Ossuary)
  2 bullfrogs (D:6)
  5 scorpions
  4 wights (D:6)
  A howler monkey (D:6)
  2 crimson imps (D:6)
  A bullfrog skeleton (D:6)
  2 centaur zombies (Ossuary)
  A human zombie (Ossuary)
  6 orc wizards
  2 hounds
  2 orc priests (D:4)
  Ijyb (D:3)
  An iguana (D:6)
  6 worker ants
  A killer bee zombie (D:5)
  2 mummies (Ossuary)
  A worker ant zombie (D:6)
  10 gnolls
  A howler monkey skeleton (D:4)
  13 adders
  2 oozes
  A worm (D:3)
  4 leopard geckos
  18 orcs
  A ball python (D:1)
  5 bats
  9 giant cockroaches
  5 hobgoblins
  13 jackals
  7 kobolds
  2 quokkas
  8 frilled lizards
  5 goblins
  2 goblin zombies (Ossuary)
  10 hobgoblin zombies (Ossuary)
  3 jackal zombies (Ossuary)
  12 kobold zombies (Ossuary)
  A leopard gecko skeleton (D:2)
  A leopard gecko zombie (D:5)
  3 orc zombies (Ossuary)
  5 rats
  A rat zombie (Ossuary)
194 creatures vanquished.

Notes
Turn   | Place    | Note
-------+----------+-------------------------------------------
     0 | D:1      | iamserjio the Octopode Wanderer began the quest for the Orb.
     0 | D:1      | iamserjio set off with: a potion of curing {@q1}, a +0 dagger, a ration
     0 | D:1      | Reached XP level 1. HP: 11/11 MP: 3/3
    23 | D:1      | Learned a level 1 spell: Sandblast
   481 | D:1      | Reached XP level 2. HP: 5/17 MP: 5/5
  1219 | D:1      | Reached skill level 3 in Stealth
  2034 | D:2      | Reached XP level 3. HP: 22/22 MP: 6/6
  2039 | D:2      | Learned a level 3 spell: Stone Arrow
  2042 | D:2      | Learned a level 2 spell: Passwall
  2133 | D:2      | Reached skill level 1 in Fighting
  2170 | D:2      | Reached XP level 4. HP: 4/28 MP: 2/7
  2932 | D:3      | Noticed Ijyb
  3015 | D:3      | Killed Ijyb
  3445 | D:3      | Reached XP level 5. HP: 33/33 MP: 5/8
  4007 | D:4      | Found a sand-covered staircase.
  4057 | Ossuary  | Entered an ossuary
  4561 | Ossuary  | Reached skill level 4 in Stealth
  4608 | Ossuary  | Reached XP level 6. HP: 10/39 MP: 4/10
  5107 | Ossuary  | Reached skill level 5 in Earth Magic
  5107 | Ossuary  | Reached XP level 7. HP: 28/45 MP: 7/11
  5418 | D:4      | Reached skill level 5 in Stealth
  6884 | D:4      | Noticed Eustachio
  6911 | D:4      | Killed Eustachio
  6911 | D:4      | Reached skill level 1 in Transmutations
  6911 | D:4      | Reached XP level 8. HP: 44/52 MP: 8/13
  7718 | D:5      | Entered Level 5 of the Dungeon
  7821 | D:5      | Found an iron altar of Okawaru.
  7913 | D:5      | Became a worshipper of Warmaster Okawaru
  7950 | D:5      | Found a glowing silver altar of Zin.
  8272 | D:5      | Reached skill level 6 in Stealth
  8598 | D:5      | Found the +4 dagger "Morg" {pain, MR+ Int+5}
  9372 | D:6      | Reached XP level 9. HP: 47/58 MP: 15/15
  9632 | D:6      | Found a staircase to the Ecumenical Temple.
  9663 | D:6      | Reached * piety under Okawaru
 10058 | D:6      | Found a shadowy altar of Dithmenos.
 10200 | D:6      | Reached skill level 7 in Stealth
 10222 | D:6      | Reached ** piety under Okawaru
 11132 | D:7      | Slain by a sky beast

Vault maps used:
D:1:      sevenhm_arrival_forest_fort_small_4
D:3:      hangedman_decor_lopped, uniq_ijyb
D:4:      lightli_ossuary_entry_decrepit_ruins, uniq_eustachio
D:5:      zin_statuary, first_ration, okawaru_gym_becter
D:6:      kennysheep_little_box, temple_statues, minmay_item_behind_shaft,
          grunt_tough_drop
D:7:      kennysheep_orc_sif_temple, lemuel_round_altar
Ossuary:  ossuary_tomb_1

Skill      XL: |  1  2  3  4  5  6  7  8  9 |
---------------+----------------------------+-----
Stealth        | 3 4 5 6 7 |  7.0
Fighting       | 1 2 3 4 |  4.6
Dodging        | 2 3 4 |  4.9
Earth Magic    | 4 5 6 |  6.0
Spellcasting   | 3 4 |  4.8
Transmutations | 1 3 4 |  4.4
Unarmed Combat | 3 4 |  4.9
Shields        | |  1.0

Action                   |  1- 3 |  4- 6 |  7- 9 || total
-------------------------+-------+-------+-------++-------
Melee: Dagger            |    66 |    24 |    85 ||   175
       Constrict         |    17 |    49 |    52 ||   118
       Tentacles         |     9 |    26 |    46 ||    81
       Punch             |     1 |     3 |     2 ||     6
       Short sword       |       |   143 |   138 ||   281
       Unarmed           |       |       |    20 ||    20
Throw: Stone             |       |     1 |     1 ||     2
 Cast: Sandblast         |     7 |    45 |    88 ||   140
Invok: Heroism           |       |       |     5 ||     5
Evoke: Wand              |       |     6 |       ||     6
  Use: Potion            |       |       |     4 ||     4
       Scroll            |       |       |     6 ||     6
 Stab: Sleeping          |     6 |     9 |    19 ||    34
       Distracted        |       |     1 |       ||     1
  Eat: Chunk             |     4 |     7 |    17 ||    28
       Ration            |       |     1 |       ||     1
Armor: Skin              |     7 |     6 |     9 ||    22
Dodge: Dodged            |    61 |   107 |   185 ||   353

Table legend:
 A = Spawn XP
 B = Non-spawn XP
 C = Spawn XP percentage of total XP
 D = Spawn monster count
 E = Non-spawn monster count
 F = Spawn count percentage of total count
 G = Total turns spent on level
                    A         B        C        D         E        F      G
               +---------+---------+-------+---------+---------+-------+---------
         Total |       0 |    3845 |   0.0 |       0 |     194 |   0.0 | 11132
               +---------+---------+-------+---------+---------+-------+---------
           D:1 |       0 |      32 |   0.0 |       0 |      20 |   0.0 |  2032
           D:2 |       0 |      64 |   0.0 |       0 |      19 |   0.0 |   801
           D:3 |       0 |     100 |   0.0 |       0 |      19 |   0.0 |  1121
           D:4 |       0 |     873 |   0.0 |       0 |      39 |   0.0 |  2488
           D:5 |       0 |     365 |   0.0 |       0 |      19 |   0.0 |  1489
           D:6 |       0 |    1523 |   0.0 |       0 |      29 |   0.0 |  1591
           D:7 |       0 |     410 |   0.0 |       0 |      10 |   0.0 |   334
       Ossuary |       0 |     478 |   0.0 |       0 |      39 |   0.0 |  1276
               +---------+---------+-------+---------+---------+-------+---------
